 Dungeon Crawl Stone Soup version 0.28.0 (webtiles) character file.

Game seed: 5415659340804619013

65815 dolemite99 the Fighter (level 14, -20/184 HPs)
             Began as a Demonspawn Fighter on Feb 17, 2022.
             Was an Elder of Ashenzari.
             Killed from afar by Azrael (31 damage)
             ... with damnation
             ... on level 13 of the Dungeon.
             The game lasted 00:44:00 (28397 turns).

dolemite99 the Fighter (Demonspawn Fighter)        Turns: 28397, Time: 00:44:01

Health: -20/184    AC: 26    Str: 21    XL:     14   Next: 76%
Magic:  14/14      EV:  6    Int: 12    God:    Ashenzari [****..]
Gold:   2059       SH: 19    Dex: 21    Spells: 13/13 levels left

rFire   + . .      SeeInvis +   a - +8 spear "Atsohuet" {vamp, Dex+7}
rCold   . . .      Faith    .   F - +0 kite shield "Stellar Repose" {Comp, Self} (curse)
rNeg    . . .      Spirit   .   w - +0 plate armour of Toth-Mos's Legacy {Evo, Melee} (curse)
rPois   .          Reflect  +   I - +1 helmet "Restrained Frustration" {SInv, Self, Bglg} (curse)
rElec   .          Harm     .   q - +0 cloak of the Chained Sun {Int+3, Elem, Range} (curse)
rCorr   .          Rampage  .   (no gloves)
Will    +....      Clarity  +   v - +0 pair of boots of the Eternal Relativism {Bglg, Alch} (curse)
Stlth   ..........              P - amulet "Cursed Insecurity" {Reflect SH+5, Evo, Fort} (curse)
HPRegen 0.40/turn               M - ring of protection from fire
MPRegen 0.14/turn               z - ring of the Enlightened Dismay {AC+4, =R, Range, Cun} (curse)

@: berserking, on fire, glowing, very quick
A: hooves 2, demonic guardian 2, icemail 1, condensation shield
a: Renounce Religion, Curse Item, Shatter the Chains


You were on level 13 of the Dungeon.
You worshipped Ashenzari.
Ashenzari was greatly pleased with you.
You visited 4 branches of the dungeon, and saw 22 of its levels.

You collected 2644 gold pieces.
You spent 585 gold pieces at shops.

Inventory:

Hand Weapons
 a - the +8 spear "Atsohuet" (weapon) {vamp, Dex+7}
   (You found it on level 6 of the Dungeon)

   It occasionally heals its wielder for a portion of the damage dealt when it
   wounds a living foe.
   Dex:       It affects your dexterity (+7).
 b - a +3 hand crossbow of freezing
 k - a +4 antimagic trident
 J - the +9 mace "Padgheth" {vorpal, +Blink}
   (You found it on level 2 of the Lair of Beasts)

   It inflicts extra damage upon your enemies.
   +Blink:    It lets you blink.
Missiles
 e - 465 stones
 f - 106 sling bullets
 l - a javelin
 n - 365 arrows
 s - 4 bolts
 x - 2 silver javelins
 C - a poisoned dart (quivered)
 W - a throwing net
Armour
 q - the cursed +0 cloak of the Chained Sun (worn) {Int+3, Elem, Range}
   (You found it on level 4 of the Dungeon)

   Int:       It affects your intelligence (+3).
   It has a curse which improves the following skills: Elements: Fire Magic, Ice
   Magic, Air Magic and Earth Magic.
   Ranged Combat: Slings, Bows, Crossbows and Throwing.
 v - the cursed +0 pair of boots of the Eternal Relativism (worn) {Bglg, Alch}
   (You found it on level 4 of the Dungeon)

   It has a curse which improves the following skills: Beguiling: Conjurations,
   Hexes and Translocations.
   Alchemy:   Poison Magic and Transmutations.
 w - the cursed +0 plate armour of Toth-Mos's Legacy (worn) {Evo, Melee}
   (You found it on level 5 of the Dungeon)

   It has a curse which improves the following skills: Evocations: Evocations.
   Melee Combat: Short Blades, Long Blades, Axes, Maces & Flails, Polearms,
   Staves and Unarmed Combat.
 F - the cursed +0 kite shield "Stellar Repose" (worn) {Comp, Self}
   (You took it off a gnoll sergeant on level 9 of the Dungeon)

   It has a curse which improves the following skills: Companions: Summonings
   and Necromancy.
   Introspection: Fighting and Spellcasting.
 I - the cursed +1 helmet "Restrained Frustration" (worn) {SInv, Self, Bglg}
   (You found it on level 9 of the Dungeon)

   It has a curse which improves the following skills: Introspection: Fighting
   and Spellcasting.
   Beguiling: Conjurations, Hexes and Translocations.
Jewellery
 p - a ring of poison resistance
 u - a ring of protection from cold
 z - the cursed ring of the Enlightened Dismay (right hand) {AC+4, =R, Range, Cun}
   (You found it on level 12 of the Dungeon)

   [ring of protection]

   AC:        It affects your AC (+4).
   It has a curse which improves the following skills: Ranged Combat: Slings,
   Bows, Crossbows and Throwing.
   Cunning:   Dodging and Stealth.
 D - an amulet of magic regeneration
 G - a ring of protection from fire
 M - a ring of protection from fire (left hand)
 P - the cursed amulet "Cursed Insecurity" (around neck) {Reflect SH+5, Evo, Fort}
   (You found it on level 3 of the Lair of Beasts)

   [amulet of reflection]

   It reflects blocked missile attacks.
   SH:        It affects your SH (+5).
   It has a curse which improves the following skills: Evocations: Evocations.
   Fortitude: Armour and Shields.
 T - an amulet of guardian spirit
Wands
 h - a wand of polymorph (2)
 o - a wand of charming (3)
 Q - a wand of digging (10)
 U - a wand of mindburst (10)
Scrolls
 c - a scroll of amnesia
 d - a scroll of enchant weapon
 g - 15 scrolls of identify {@r1}
 j - 2 scrolls of fog
 m - 2 scrolls of enchant armour
 t - 3 scrolls of vulnerability
 y - a scroll of brand weapon
 A - 5 scrolls of teleportation
 K - 2 scrolls of blinking
 Y - 3 scrolls of silence
 Z - a scroll of magic mapping
Potions
 i - a potion of cancellation
 r - 3 potions of attraction
 B - a potion of curing
 E - 4 potions of flight
 L - 6 potions of brilliance
 N - a potion of berserk rage
 S - 4 potions of ambrosia
Miscellaneous
 H - a box of beasts
 R - a condenser vane (inert)
 V - a lightning rod (1/4)
 X - a piece from Xom's chessboard (15/15)


   Skills:
 - Level 12.4(15.3) Fighting
 - Level 9.1(12.3) Axes
 - Level 9.0(12.3) Polearms
 - Level 2.8(5.3) Crossbows
 - Level 4.6(7.4) Throwing
 + Level 12.4(14.3) Armour
 - Level 10.5(12.4) Shields
 - Level 7.8(10.8) Evocations


You had 13 spell levels left.
You didn't know any spells.
Your spell library contained the following spells:

 Spells                   Type           Power      Damage    Failure   Level
 Static Discharge         Conj/Air       0%         N/A       100%        2
 Sublimation of Blood     Necr           0%         N/A       100%        2
 Petrify                  Tmut/Erth      0%         N/A       100%        4
 Blade Hands              Tmut           0%         N/A       100%        5
 Irradiate                Conj/Tmut      0%         3d13      100%        5
 Lightning Bolt           Conj/Air       0%         1d11      100%        5
 Dragon Form              Tmut           0%         N/A       100%        7
 Maxwell's Capacitive Co  Air            0%         ∞         100%        8


Dungeon Overview and Level Annotations

Branches:
Dungeon (13/15)            Temple (1/1) D:7            Lair (6/6) D:9
 Shoals (0/4) Lair:3        Snake (0/4) Lair:3        Slime (0/5) Lair:5
    Orc (2/2) D:12            Elf (0/3) Orc:2        Vaults (0/5) D:13

Altars:
Ashenzari
Cheibriados
Dithmenos
Elyvilon
Fedhas
Gozag
Hepliaklqana
Kikubaaqudgha
Makhleb
Nemelex Xobeh
Okawaru
Qazlal
Ru
Sif Muna
Trog
Uskayaw
Vehumet
Wu Jian
Xom
Yredelemnul
Zin
The Shining One
Beogh

Shops:
Orc:2 :?=((

Annotations:
D:5 exclusion: door
D:13 2 transporters, Azrael; Sanktem7's ghost, journeyman MiFi
Lair:5 2 transporters, Darubir's ghost, journeyman CeAM


Innate Abilities, Weirdness & Mutations

You have hoof-like feet.
A demonic guardian rushes to your aid.
A meltable icy envelope protects you from harm. (AC +0)
A meltable shield of frost defends you. (SH +0)


Message History

Azrael burns you.
You hit Azrael but do no damage.
Azrael is heavily wounded.
You hit Azrael.
Azrael is heavily wounded.
Azrael gestures at you.
The sphere of damnation explodes!
The damnation engulfs you!!
* * * LOW HITPOINT WARNING * * *
The damnation engulfs your hellwing!!
Your hellwing dies!
Your hellwing disappears in a puff of smoke!
The damnation engulfs Azrael.
Azrael completely resists.
You puncture Azrael!
Azrael is severely wounded.
You block Azrael's attack.
A red film seems to cover your vision as you go berserk!
You feel yourself moving faster!
You feel mighty! You block Azrael's attack.
You completely miss Azrael.
Azrael is severely wounded.
You hit Azrael.
Azrael is severely wounded.
You puncture Azrael!
Azrael is severely wounded.
Azrael gestures at you. The sticky flame hits you. You resist.
You are covered in liquid flames!
* * * LOW HITPOINT WARNING * * *
You hit Azrael.
Azrael is severely wounded.
You are covered in liquid flames!
You hit Azrael.
Azrael is almost dead.
You are covered in liquid flames!
* * * LOW HITPOINT WARNING * * *
You puncture Azrael!
Azrael is almost dead.
You are covered in liquid flames!
Azrael gestures at you.
The sphere of damnation explodes!
The damnation engulfs you!!
You die...

#####.## #####)## ##
##)## ## ##.## ##
##.## ## ##.## ##
##.## ######## ##
##.## ########## #
##.## ##...@Rh##
###.## ##.####.##**
####.## ##.####.#.{
#..).#######.####○#.
,* #....#######.##
#(#{ *
##............##
#.#, *
#######.######## #(#
, # ###.####### #R#
* # ##.### * ***#○#
,


You could see Azrael and a hell hound.

Vanquished Creatures
  Frances (D:13)
  Gastronok (Lair:1)
  Kirke (D:13)
  Snorg (Lair:3)
  A fire dragon (Lair:6)
  Harold (D:10)
  6 hydras
  3 vault guards (D:13)
  Erolcha (Orc:2)
  An ogre mage (Orc:2)
  4 boulder beetles
  A centaur warrior (D:13)
  2 two-headed ogres
  4 death yaks
  Nergalle (Orc:2)
  A swamp dragon (Lair:6)
  A lindwurm (Lair:6)
  2 orc knights
  7 orc sorcerers
  A manticore (D:9)
  Maurice (D:8)
  3 black mambas
  6 torpor snails (Lair:6)
  2 unseen horrors
  9 cane toads
  Maggie (D:6)
  A kobold demonologist (D:12)
  10 komodo dragons
  An efreet (D:13)
  4 rime drakes
  A polar bear (Lair:5)
  A merfolk (Lair:3)
  7 trolls
  7 hornets (Lair:6)
  Grinder (D:6)
  4 tyrant leeches (Lair:6)
  5 blink frogs
  Sigmund (D:5)
  6 slime creatures (D:12)
  A vampire (D:12)
  4 shadows
  4 wyverns
  41 yaks
  5 wraiths
  5 hogs (D:13)
  6 basilisks
  3 steam dragons
  Grum (D:8)
  A death yak simulacrum (D:12)
  9 vampire mosquitoes
  3 wargs
  2 hell hounds (D:13)
  9 water moccasins
  A sky beast (D:5)
  7 orc warriors
  4 black bears
  An ice beast (D:7)
  2 swamp drakes (Lair:6)
  8 ogres
  16 wolves
  11 centaurs
  2 necrophages (D:7)
  A wyvern zombie (D:7)
  9 bullfrogs
  5 gnoll sergeants
  A scorpion (D:5)
  A water moccasin zombie (D:6)
  2 cane toad simulacra (D:12)
  A wyvern skeleton (D:7)
  2 water moccasin skeletons
  3 wights (D:8)
  An elephant simulacrum (D:12)
  9 howler monkeys
  2 vampire bats (Lair:5)
  5 electric eels
  3 centaur zombies
  2 bullfrog zombies
  7 orc priests
  2 hounds
  5 jellies
  2 centaur skeletons (D:6)
  Jessica (D:3)
  3 iguanas
  Ijyb (D:3)
  Natasha (thrice) (D:3)
  22 orc wizards
  3 spriggan simulacra (D:12)
  A hound skeleton (D:2)
  A howler monkey skeleton (D:5)
  8 adders
  24 gnolls
  A naga simulacrum (D:12)
  An adder zombie (D:5)
  4 worms
  2 dart slugs (D:1)
  38 orcs
  13 endoplasms
  2 giant cockroaches
  6 goblins
  3 hobgoblins
  4 jackals (D:1)
  8 kobolds
  3 quokkas
  6 ball pythons
  10 bats
  6 frilled lizards
  7 rats
502 creatures vanquished.

Vanquished Creatures (collateral kills)
  Josephine (D:11)
  An ice dragon (Lair:6)
  An orc sorcerer (Orc:2)
  2 cane toads
  4 blink frogs (Lair:6)
  A wyvern (Lair:6)
  3 yaks (Lair:6)
  An orc warrior (Orc:1)
  2 wolves
  2 orc wizards (Orc:2)
  2 orcs (D:12)
20 creatures vanquished.

Vanquished Creatures (others)
  A komodo dragon (Lair:6)
  A bush (Lair:6)
  31 fungi
  52 plants
85 creatures vanquished.

Grand Total: 607 creatures vanquished

Notes
Turn   | Place    | Note
-------+----------+-------------------------------------------
     0 | D:1      | dolemite99 the Demonspawn Fighter began the quest for the
                  | Orb.
     0 | D:1      | Reached XP level 1. HP: 18/18 MP: 1/1
   208 | D:1      | Gained mutation: You have large cloven feet. [demonic
                  | ancestry]
   208 | D:1      | Reached XP level 2. HP: 18/24 MP: 2/2
  1013 | D:2      | Reached XP level 3. HP: 22/29 MP: 3/3
  1178 | D:2      | Identified the +3 ring mail of Resilience {rN++ Str+2}
  1472 | D:2      | Reached XP level 4. HP: 33/35 MP: 4/4
  1965 | D:3      | Noticed Ijyb
  1987 | D:3      | Noticed Natasha
  2001 | D:3      | Killed Ijyb
  2006 | D:3      | Killed Natasha
  2007 | D:3      | Reached XP level 5. HP: 10/41 MP: 5/5
  2032 | D:3      | Reached skill level 5 in Axes
  2277 | D:3      | Noticed Natasha
  2287 | D:3      | Killed Natasha
  2385 | D:3      | Noticed Natasha
  2397 | D:3      | Killed Natasha
  2586 | D:3      | Noticed Jessica
  2595 | D:3      | Killed Jessica
  2969 | D:5      | Entered Level 5 of the Dungeon
  2983 | D:5      | Gained mutation: You have hoof-like feet. [demonic
                  | ancestry]
  2983 | D:5      | Reached XP level 6. HP: 46/47 MP: 6/6
  3100 | D:4      | Identified the +0 cloak of Qeggiown {Int+3}
  4168 | D:5      | Gained mutation: A meltable shield of frost defends you.
                  | (SH +0) [demonic ancestry]
  4168 | D:5      | Reached XP level 7. HP: 48/52 MP: 7/7
  4404 | D:5      | Found a sparkling altar of Nemelex Xobeh.
  4421 | D:5      | Found a broken altar of Ashenzari.
  4428 | D:5      | Became a worshipper of Ashenzari the Shackled
  4535 | D:5      | Noticed Sigmund
  4548 | D:5      | Killed Sigmund
  5179 | D:6      | Noticed Grinder
  5213 | D:6      | Paralysed by Grinder for 5 turns
  5218 | D:6      | HP: 1/52 [Grinder/nerve-wracking pain (14)]
  5223 | D:6      | Killed Grinder
  5224 | D:6      | Reached XP level 8. HP: 18/58 MP: 8/8
  5708 | D:6      | Identified the +8 spear "Atsohuet" {vamp, Dex+7}
  5836 | D:6      | Reached skill level 1 in Polearms
  6267 | D:6      | Found a stormy altar of Qazlal.
  6555 | D:6      | Noticed Maggie
  6569 | D:6      | Killed Maggie
  6750 | D:6      | Reached * piety under Ashenzari
  7118 | D:7      | Reached skill level 5 in Polearms
  7300 | D:7      | Reached XP level 9. HP: 63/63 MP: 9/9
  7305 | D:7      | Found an iron altar of Okawaru.
  7364 | D:7      | Found a staircase to the Ecumenical Temple.
  7373 | Temple   | Entered the Ecumenical Temple
  7378 | Temple   | Reached ** piety under Ashenzari
  7731 | D:7      | Found a radiant altar of Vehumet.
  7832 | D:8      | Found an opulent altar of Gozag.
  8474 | D:8      | Noticed Grum
  8528 | D:8      | Killed Grum
  8618 | D:8      | Noticed Maurice
  8642 | D:8      | Killed Maurice
  8689 | D:8      | Identified the +9 short sword of the Twisting Vulture
                  | {speed, Int+4}
  8854 | D:8      | Found a shimmering altar of Xom.
  8879 | D:8      | Found a burning altar of Makhleb.
  8923 | D:8      | Reached *** piety under Ashenzari
  9370 | D:8      | Found a basalt altar of Yredelemnul.
  9437 | D:8      | Noticed a blizzard demon
  9697 | D:9      | Found a staircase to the Lair.
  9798 | D:9      | Gained mutation: A meltable icy envelope protects you from
                  | harm. (AC +0) [demonic ancestry]
  9798 | D:9      | Reached XP level 10. HP: 62/72 MP: 10/10
 10534 | D:9      | Found an ancient bone altar of Kikubaaqudgha.
 10588 | D:9      | Noticed a manticore
 10596 | Lair:1   | Entered Level 1 of the Lair of Beasts
 10785 | Lair:1   | Noticed a four-headed hydra
 10797 | Lair:1   | Killed a four-headed hydra
 10798 | Lair:1   | Reached skill level 5 in Fighting
 10909 | Lair:1   | Reached skill level 5 in Armour
 10909 | Lair:1   | Reached skill level 5 in Shields
 10959 | Lair:1   | Noticed a cane toad
 10974 | Lair:1   | Killed a cane toad
 11181 | Lair:1   | Noticed Gastronok
 11237 | Lair:1   | Killed Gastronok
 11238 | Lair:1   | Gained mutation: A weak demonic guardian rushes to your
                  | aid. [demonic ancestry]
 11238 | Lair:1   | Reached XP level 11. HP: 84/84 MP: 11/11
 11398 | Lair:2   | Noticed a seven-headed hydra
 12418 | Lair:2   | Identified the +9 mace "Padgheth" {vorpal, +Blink}
 12920 | Lair:2   | Killed a seven-headed hydra
 13662 | Lair:3   | Noticed Snorg
 13673 | Lair:3   | Killed Snorg
 13674 | Lair:3   | Reached skill level 1 in Evocations
 13687 | Lair:3   | Found a staircase to the Snake Pit.
 13742 | Lair:3   | Reached **** piety under Ashenzari
 14346 | Lair:3   | Found a staircase to the Shoals.
 14615 | Lair:4   | Reached XP level 12. HP: 97/97 MP: 12/12
 15206 | Lair:4   | Reached skill level 1 in Crossbows
 15986 | Lair:5   | Found a staircase to the Slime Pits.
 16292 | Lair:5   | Noticed Darubir's ghost (journeyman CeAM)
 16293 | Lair:5   | Found a transporter.
 16297 | Lair:5   | Found a transporter.
 18244 | Lair:6   | Entered Level 6 of the Lair of Beasts
 18301 | Lair:6   | Noticed a five-headed hydra
 18319 | Lair:6   | Killed a five-headed hydra
 18345 | Lair:6   | Noticed a four-headed hydra
 18366 | Lair:6   | Killed a four-headed hydra
 18385 | Lair:6   | Noticed a six-headed hydra
 18408 | Lair:6   | Killed a six-headed hydra
 18826 | Lair:6   | Reached skill level 10 in Armour
 18899 | Lair:6   | Found a runed translucent door.
 18901 | Lair:6   | Noticed an ice dragon
 18923 | Lair:6   | Killed an ice dragon
 19133 | Lair:6   | Reached XP level 13. HP: 106/106 MP: 13/13
 19957 | Lair:6   | Noticed a fire dragon
 19984 | Lair:6   | Killed a fire dragon
 20344 | Lair:6   | Paralysed by a hornet for 1 turns
 20403 | Lair:6   | Reached skill level 10 in Fighting
 21262 | Lair:6   | Paralysed by a hornet for 2 turns
 22078 | D:10     | Entered Level 10 of the Dungeon
 22222 | D:10     | Noticed Harold
 22243 | D:10     | Killed Harold
 22284 | D:10     | Found a sacrificial altar of Ru.
 22468 | D:11     | Reached skill level 10 in Shields
 22469 | D:11     | Noticed Josephine
 22479 | D:11     | Killed Josephine
 23075 | D:11     | Found an opulent altar of Gozag.
 23386 | D:12     | Gained mutation: A demonic guardian rushes to your aid.
                  | [demonic ancestry]
 23386 | D:12     | Reached XP level 14. HP: 97/123 MP: 14/14
 23392 | D:12     | Reached skill level 1 in Throwing
 23402 | D:12     | Found a staircase to the Orcish Mines.
 23734 | D:12     | Found a frozen archway.
 24161 | D:12     | Reached skill level 5 in Evocations
 24973 | Orc:1    | Entered Level 1 of the Orcish Mines
 25617 | Orc:2    | Entered Level 2 of the Orcish Mines
 25640 | Orc:2    | Found Sotiq's Book Boutique.
 25685 | Orc:2    | Found a staircase to the Elven Halls.
 26287 | Orc:2    | Paralysed by an ogre mage for 6 turns
 26345 | Orc:2    | Found Utofoy's Jewellery Emporium.
 26494 | Orc:2    | Found Bicsu's Antique Weapon Shoppe.
 26763 | Orc:2    | Found a radiant altar of Vehumet.
 26763 | Orc:2    | Noticed Erolcha
 26796 | Orc:2    | Killed Erolcha
 26808 | Orc:2    | Found Mustruogi's Antique Weapon Emporium.
 26844 | Orc:2    | Noticed Nergalle
 26910 | Orc:2    | Found an ancient bone altar of Kikubaaqudgha.
 26938 | Orc:2    | Killed Nergalle
 27099 | Orc:2    | Found Dothriy's Magic Scroll Shoppe.
 27104 | Orc:2    | Paralysed by an orc sorcerer for 4 turns
 27148 | Orc:2    | Bought a scroll of enchant armour for 120 gold pieces
 27148 | Orc:2    | Bought a scroll of teleportation for 48 gold pieces
 27148 | Orc:2    | Bought a scroll of enchant weapon for 120 gold pieces
 27233 | Orc:2    | Bought a masterwork flail for 297 gold pieces
 27233 | Orc:2    | Identified the +6 flail "Ecozxur" {venom, rPois rF- Int+2
                  | Dex+5} (You bought it in a shop on level 2 of the Orcish
                  | Mines)
 27569 | D:13     | Noticed Kirke
 27584 | D:13     | Killed Kirke
 27676 | D:13     | Noticed Sanktem7's ghost (journeyman MiFi)
 27698 | D:13     | Identified Hedak's Guide on the Oath
 27782 | D:13     | Found a transporter.
 27782 | D:13     | Found a transporter.
 28124 | D:13     | Noticed Frances
 28135 | D:13     | Killed Frances
 28311 | D:13     | Found a gate to the Vaults.
 28359 | D:13     | Noticed Azrael
 28397 | D:13     | Killed from afar by Azrael

Illustrated notes

Levels and vault maps discovered:
D:1:      lemuel_arrival_cross, layout_rooms, kennysheep_decorative_pillar,
          glass_columns_b, dk_noncrumbling_4, chequers_garden
D:2:      layout_basic
D:3:      layout_loops_ring, general_overflow_altar, old_standard_altar,
          minmay_misc_feat_x, minmay_vboxes, uniq_natasha, uniq_ijyb,
          uniq_jessica
D:4:      layout_basic
D:5:      layout_loops_corners, cheibrodos_ashenzari_chains,
          mainiacjoe_overflow_tiny_flanked, uniq_sigmund
D:6:      layout_gridville, grunt_qazlal_sundering, kennysheep_another_room,
          corexii_shack, ebering_dispersal_statue_hall, uniq_grinder,
          uniq_maggie
D:7:      layout_gridville, lemuel_tele_altar, okawaru_ov_weapons_minmay,
          temple_fountains, minmay_increasing_density
D:8:      layout_loops_corners, makhleb_altar_promises_db, kennysheep_mini_moat,
          mainiacjoe_overflow_concentric_impassable, old_standard_altar,
          nicolae_two_hexagons, uniq_grum, uniq_maurice
D:9:      layout_basic, mainiacjoe_overflow_cross_hatched, lair_entry_dummy
D:10:     layout_cross, nicolae_ru_great_annihilating_truth, uniq_harold
D:11:     layout_small_grid, grunt_gozag_statues, uniq_josephine
D:12:     layout_basic, david_orc_3, portal_ice_cave_entry_ice_simulacra
D:13:     layout_basic, erik_vaults_2, gammafunk_ghost_mausoleum, uniq_azrael,
          uniq_kirke, uniq_frances
Temple:   jpeg_temple_island
Lair:1:   layout_cave_pods, uniq_gastronok
Lair:2:   layout_loops_ring, grunt_megastairs_1
Lair:3:   layout_hall_layers, elwin_shoals_entry_rooms, dummy_snake_entry,
          nicolae_quartered_pool_impasse, grunt_forest_small_clearings,
          grunt_megastairs_2, serial_bayou_shore_a, infiniplex_staircase_pool_2,
          uniq_snorg
Lair:4:   layout_regular_city, lemuel_fruit_fields
Lair:5:   layout_long_grid, nicolae_slime_entry_slimehenge,
          gammafunk_ghost_hive, roderic_batcave, grunt_megastairs_5
Lair:6:   wormcave, layout_cave_pods, guppyfry_lair_end_dragon,
          lemuel_fruit_tree
Orc:1:    layout_caves
Orc:2:    kennysheep_orc_mage_school, layout_caves, basic_altar, serial_shops,
          shop, mines1_david

Skill      XL: |  1  2  3  4  5  6  7  8  9 10 11 12 13 14 |
---------------+-------------------------------------------+-----
Axes           | 2 3 4 6 7 8 9 |  9.1
Polearms       | 6 9 |  9.0
Armour         | 3 6 7 11 12 | 12.4
Fighting       | 4 6 7 8 12 | 12.4
Shields        | 6 9 10 | 10.5
Evocations     | 3 4 7 |  7.8
Crossbows      | 2 |  2.8
Throwing       | 4 |  4.6

Action                   |  1- 3 |  4- 6 |  7- 9 | 10-12 | 13-15 || total
-------------------------+-------+-------+-------+-------+-------++-------
Melee: War axe           |    79 |    26 |       |       |       ||   105
       Kick              |    16 |    27 |       |       |       ||    43
       Hand axe          |       |    92 |    95 |       |       ||   187
       Spear             |       |       |   197 |   737 |  1373 ||  2307
 Fire: Hand crossbow     |       |    15 |    38 |   166 |    49 ||   268
Throw: Stone             |    37 |     6 |       |       |    50 ||    93
       Javelin           |       |     1 |    12 |    22 |    33 ||    68
       Dart              |       |       |       |       |    33 ||    33
       Throwing net      |       |       |       |       |     2 ||     2
Invok: Curse Item        |       |       |     5 |     3 |     1 ||     9
       Shatter the Chain |       |       |       |     2 |       ||     2
Evoke: Wand              |       |       |       |    28 |    69 ||    97
       Box of beasts     |       |       |       |     2 |     1 ||     3
       Piece from Xom's  |       |       |       |       |     5 ||     5
       Condenser vane    |       |       |       |       |     3 ||     3
       Lightning rod     |       |       |       |       |     4 ||     4
  Use: Scroll            |     2 |     4 |     1 |     3 |     6 ||    16
       Potion            |       |     2 |     4 |     1 |     3 ||    10
 Stab: Distracted        |       |       |     1 |     6 |       ||     7
       Confused          |       |       |       |       |     1 ||     1
       Paralysed         |       |       |       |       |     1 ||     1
Armor: Scale mail        |    29 |       |       |       |       ||    29
       Ring mail         |     8 |    38 |     7 |       |       ||    53
       Plate armour      |       |       |    98 |   211 |   316 ||   625
Dodge: Dodged            |    40 |    50 |    27 |   100 |   107 ||   324
Block: Buckler           |    18 |    25 |    74 |   169 |       ||   286
       Kite shield       |       |       |       |   168 |   968 ||  1136
       Reflection        |       |       |       |       |    28 ||    28
